AoeStats
← zisuku

Northern Isles

512638587Analyzed
1v1 RM · 16d ago on Oct 10, 2026· 42m 22s· 2 players
Game mode
Random Map
Map size
Tiny (2 player)
Population
200
Speed
Normal
Resources
Standard
Victory
Conquest
Starting age
Dark Age
Ending age
Imperial Age
RankedLock teamsTeams togetherTeam positionsShared explorationLock speedFull tech treeHidden civsTurbo modeCheats
Victory
Defeat
🇫🇷 Vikings · France
1254
+16
vs
🇷🇴 Britons · Romania
1245
-16
zisuku
8:18 Loom
10:58 Feudal Age
16:16 Castle Age
15:17 Double-Bit Axe
15:51 Fletching
17:22 Medium Warships
24:49 Careening
25:02 Ballistics
24:53 Bodkin Arrow
26:13 Wheelbarrow
32:16 Horse Collar
40:23 Imperial Age
38:50 Bow Saw
42:18 Bracer
NIKTOU
7:44 Loom
9:55 Feudal Age
11:27 Fletching
18:40 Castle Age
16:46 Fishing Lines
18:47 Double-Bit Axe
18:55 Gold Mining
19:29 Bodkin Arrow
21:01 Ballistics
20:50 Horse Collar
23:00 Clinker Construction
26:00 Careening
25:58 Padded Archer Armor
27:45 Leather Archer Armor
32:57 Town Watch
36:50 Imperial Age
34:21 Town Patrol
36:53 Heavy Plow
37:05 Bow Saw
37:39 Bracer
38:05 Carvel Hull
39:42 Chemistry
41:40 Ring Archer Armor
41:52 Elite Longship
Connection lost

Rejoining the realm…

Still unreachable

The connection could not be restored.

Session expired

The server has moved on; the page needs a fresh start.